Map: Bel'Shir Vestige LE (Void)

Players

MaNa - Winner!

  • Race: Protoss Protoss
  • Spawn Location: 11:00

Caliber

  • Race: Protoss Protoss
  • Spawn Location: 5:00

Event: WCS Austin 2017

VOD

Have the link to the VOD?

Description

Time

  • Played on: April 28, 2017, 2:37 p.m.
  • Length: 6:46

All games in this series

Show
View Real Time Build Order
Export as new Build Order

MaNa Protoss - Winner!

Build Orders:  

Get SALT Encoding   

  12  0:00  Probe (Chrono Boost)  
  13  0:11  Probe (Chrono Boost)  
  14  0:18  Pylon  
  14  0:22  Probe (Chrono Boost)  
  15  0:36  Probe (Chrono Boost)  
  15  0:37  Gateway  
  16  0:42  Assimilator  
  16  0:47  Probe (Chrono Boost)  
  17  0:50  Assimilator  
  17  0:57  Probe (Chrono Boost)  
  18  1:08  Probe (Chrono Boost)  
  18  1:09  Gateway  
  20  1:18  Probe (Chrono Boost)  
  20  1:24  Cybernetics Core  
  20  1:29  Probe (Chrono Boost)  
  20  1:32  Pylon  
  21  1:39  Probe (Chrono Boost)  
  22  1:50  Probe (Chrono Boost)  
  23  1:54  Warp Gate  
  23  1:59  Stalker x2  
  23  2:03  Probe (Chrono Boost)  
  28  2:10  Pylon  
  28  2:15  Probe (Chrono Boost)  
  29  2:27  Stalker  
  29  2:29  Stalker  
  35  2:37  Mothership Core (Chrono Boost)  
  34  2:57  Stalker  
  36  2:59  Stalker  
  38  3:09  Pylon  
  38  3:22  Nexus  
  36  3:38  Probe (Chrono Boost)  
  37  3:48  Robotics Facility  
  37  3:49  Probe (Chrono Boost)  
  38  3:59  Probe (Chrono Boost), Stalker x2  
  43  4:10  Probe (Chrono Boost)  
  43  4:11  Twilight Council  
  44  4:21  Probe (Chrono Boost)  
  45  4:29  Stalker  
  47  4:33  Probe (Chrono Boost), Stalker  
  47  4:36  Observer  
  52  4:38  Probe (Chrono Boost)  
  52  4:44  Probe (Chrono Boost)  
  53  4:46  Pylon  
  53  4:49  Probe (Chrono Boost)  
  54  4:55  Probe (Chrono Boost), Sentry  
  54  4:57  Sentry  
  54  4:59  Probe (Chrono Boost)  
  61  5:09  Probe (Chrono Boost)  
  54  5:15  Immortal  
  53  5:25  Probe (Chrono Boost), Gateway  
  53  5:26  Probe (Chrono Boost)  
  53  5:28  Gateway  
  55  5:35  Probe (Chrono Boost)  
  56  5:38  Probe (Chrono Boost)  
  56  5:39  Assimilator x2  
  57  5:44  Adept x2  
  61  5:50  Pylon  
  61  5:56  Pylon  
  61  5:57  Immortal  
  61  6:13  Adept  
  61  6:14  Adept  
  65  6:20  Gateway  
  65  6:23  Adept x2  
  65  6:36  Adept x2  
  65  6:44  Adept x2  
Show
View Real Time Build Order
Export as new Build Order

Caliber Protoss 

Build Orders:  

Get SALT Encoding   

  12  0:01  Probe (Chrono Boost)  
  13  0:11  Probe (Chrono Boost)  
  14  0:16  Pylon  
  14  0:22  Probe (Chrono Boost)  
  15  0:35  Probe (Chrono Boost)  
  16  0:37  Gateway  
  16  0:45  Probe (Chrono Boost)  
  16  0:46  Assimilator  
  17  0:51  Assimilator  
  17  0:56  Probe (Chrono Boost)  
  18  1:06  Probe (Chrono Boost)  
  18  1:07  Gateway  
  19  1:17  Probe (Chrono Boost)  
  20  1:23  Cybernetics Core  
  20  1:27  Probe (Chrono Boost)  
  21  1:32  Pylon  
  21  1:38  Probe (Chrono Boost)  
  22  1:48  Probe (Chrono Boost), Warp Gate  
  23  1:58  Stalker  
  23  1:59  Stalker  
  27  2:08  Mothership Core (Chrono Boost)  
  29  2:11  Pylon  
  29  2:28  Stalker  
  29  2:29  Stalker  
  33  2:46  Pylon  
  33  2:58  Stalker  
  35  2:59  Stalker  
  37  3:18  Nexus  
  37  3:32  Probe (Chrono Boost)  
  36  3:43  Robotics Facility  
  36  3:44  Probe (Chrono Boost)  
  35  3:53  Adept x2  
  39  4:09  Gateway  
  39  4:13  Stalker  
  39  4:14  Stalker  
  43  4:27  Immortal  
  47  4:39  Sentry x2  
  51  4:56  Gateway  
  51  5:01  Warp Prism  
  53  5:12  Probe x2 (Chrono Boost)  
  51  5:20  Adept  
  51  5:21  Sentry x2  
  51  5:25  Pylon  
  53  5:28  Pylon  
  53  5:47  Stalker x3  
  59  5:55  Pylon  
  59  6:03  Pylon  
  58  6:17  Adept x4  
  48  6:42  Zealot x3  
  48  6:43  Zealot  
Tags
 
Add a new tag
Caveats
  • Supply blocks, unpowered buildings, or Contaminate may cause inaccurate times.
  • Supply counts are checked every 10 seconds.